TEX
CORPUS CHRISTI HOOKS @ MIDLAND ROCKHOUNDS
09/07/2098
 
TOP OF THE 1ST
Corpus Christi Hooks batting - Pitching for Midland RockHounds : RHP Chris Miller
Pitching: RHP Chris Miller
Batting: LHB Zack Baize 0-0: Ball
1-0: Ball
2-0: Called Strike
2-1: Ball
3-1: Base on Balls
Batting: RHB Chad Boston 0-0: Ball
1-0: Called Strike
1-1: Fly out, F7 (Flyball, 78M, EV 89.4 MPH)
Batting: RHB Travis Braga 0-0: Called Strike
0-1: Ball
1-1: Called Strike
Zack Baize steals 2nd base
1-2: Ball
2-2: Foul Ball, location: 5FF
2-2: Foul Ball, location: 23F
2-2: Ball
3-2: Hit by Pitch
Batting: RHB Steve MacInnis 0-0: Ball
1-0: Ground out 6-3 (Groundball, 6S, EV 71.9 MPH)
Zack Baize to third
Travis Braga to second
Batting: LHB Malik Lindsey 0-0: Called Strike
0-1: Ball
1-1: Foul Ball, location: 3F
1-2: Foul Ball, location: 3F
1-2: Strikes out swinging
Top of the 1st over - 0 runs, 0 hits, 0 errors, 2 left on base; Corpus Christi 0 - Midland 0
BOTTOM OF THE 1ST
Midland RockHounds batting - Pitching for Corpus Christi Hooks : LHP Kihachi Okuhara
Pitching: LHP Kihachi Okuhara
Batting: RHB Greg Horst 0-0: Fly out, F6 (Line Drive, 4MD, EV 65.6 MPH)
Batting: LHB Billy Stengel 0-0: Ball
1-0: Swinging Strike
1-1: Ground out U3 (Groundball, 3, EV 81.9 MPH)
Batting: LHB Steve Witmer 0-0: Ball
1-0: Ground out U3 (Groundball, 34, EV 93.8 MPH)
Bottom of the 1st over - 0 runs, 0 hits, 0 errors, 0 left on base; Corpus Christi 0 - Midland 0
TOP OF THE 2ND
Corpus Christi Hooks batting - Pitching for Midland RockHounds : RHP Chris Miller
Batting: RHB Edwin Cardenas 0-0: Ball
1-0: Ball
2-0: Ball
3-0: Called Strike
3-1: Base on Balls
Batting: RHB Agustin Vargas 0-0: Foul Ball, location: 2F
0-1: Ball
1-1: Ball
2-1: Foul Ball, location: 3F
2-2: Ball
3-2: Fly out, F3 (Popup, 3SF, EV 72.5 MPH)
Batting: RHB Dave Alley 0-0: Called Strike
0-1: Called Strike
Edwin Cardenas is caught stealing 2nd base 2-4
0-2: Ground out 5-3 (Groundball, 5, EV 88.8 MPH)
Top of the 2nd over - 0 runs, 0 hits, 0 errors, 0 left on base; Corpus Christi 0 - Midland 0
BOTTOM OF THE 2ND
Midland RockHounds batting - Pitching for Corpus Christi Hooks : LHP Kihachi Okuhara
Batting: RHB Jose Cota 0-0: Called Strike
0-1: Ball
1-1: Swinging Strike
1-2: Strikes out swinging
Batting: SHB John Gilley 0-0: Swinging Strike
0-1: Ball
1-1: Fly out, F6 (Popup, 6MD, EV 62.5 MPH)
Batting: RHB Brian Kantar 0-0: Ground out 5-3 (Groundball, 5, EV 90.0 MPH)
Bottom of the 2nd over - 0 runs, 0 hits, 0 errors, 0 left on base; Corpus Christi 0 - Midland 0
TOP OF THE 3RD
Corpus Christi Hooks batting - Pitching for Midland RockHounds : RHP Chris Miller
Batting: SHB Chris Constable 0-0: Foul Ball, location: 2F
0-1: Ball
1-1: Called Strike
1-2: Strikes out swinging
Batting: LHB Zack Baize 0-0: Called Strike
0-1: Foul Ball, location: 7LDF
0-2: Ball
1-2: Ball
2-2: Strikes out looking
Batting: RHB Chad Boston 0-0: Called Strike
0-1: Ball
1-1: Swinging Strike
1-2: Strikes out looking
Top of the 3rd over - 0 runs, 0 hits, 0 errors, 0 left on base; Corpus Christi 0 - Midland 0
BOTTOM OF THE 3RD
Midland RockHounds batting - Pitching for Corpus Christi Hooks : LHP Kihachi Okuhara
Batting: RHB Omar Carreno 0-0: Ball
1-0: Called Strike
1-1: Ball
2-1: Swinging Strike
2-2: Foul Ball, location: 2F
2-2: Foul Ball, location: 2RF
2-2: Foul Ball, location: 9LDF
2-2: Strikes out swinging
Batting: RHB Joey Davis 0-0: Foul Ball, location: 2F
0-1: Ground out 6-3 (Groundball, 6M, EV 80.6 MPH)
Batting: RHB Jamal Smith 0-0: Called Strike
0-1: Hit by Pitch
Batting: RHB Greg Horst 0-0: Called Strike
0-1: Called Strike
0-2: Strikes out looking
Bottom of the 3rd over - 0 runs, 0 hits, 0 errors, 1 left on base; Corpus Christi 0 - Midland 0
TOP OF THE 4TH
Corpus Christi Hooks batting - Pitching for Midland RockHounds : RHP Chris Miller
Batting: RHB Travis Braga 0-0: Ball
1-0: Called Strike
1-1: Foul Ball, location: 2F
1-2: Ball
2-2: Strikes out swinging
Batting: RHB Steve MacInnis 0-0: Called Strike
0-1: Foul Ball, location: 3SF
0-2: Ball
1-2: Strikes out swinging
Batting: LHB Malik Lindsey 0-0: Foul Ball, location: 2F
0-1: Foul Ball, location: 2LF
0-2: Ball
1-2: Foul Ball, location: 2F
1-2: Ball
2-2: Ground out 5-3 (Groundball, 5L, EV 77.5 MPH)
Top of the 4th over - 0 runs, 0 hits, 0 errors, 0 left on base; Corpus Christi 0 - Midland 0
BOTTOM OF THE 4TH
Midland RockHounds batting - Pitching for Corpus Christi Hooks : LHP Kihachi Okuhara
Batting: LHB Billy Stengel 0-0: Ball
1-0: Ball
2-0: Swinging Strike
2-1: Fly out, F9 (Flyball, 89D, EV 99.4 MPH)
Batting: LHB Steve Witmer 0-0: Ball
1-0: Ball
2-0: SINGLE (Line Drive, 6MD, EV 94.4 MPH)
Batting: RHB Jose Cota 0-0: Ball
1-0: Called Strike
1-1: Foul Ball, location: 23F
1-2: Fly out, F6 (Popup, 6MS, EV 68.1 MPH)
Batting: SHB John Gilley 0-0: Called Strike
0-1: Ball
1-1: Swinging Strike
1-2: Foul Ball, location: 2F
1-2: SINGLE (Line Drive, 7S, EV 103.1 MPH)
Steve Witmer to second
Batting: RHB Brian Kantar 0-0: Ball
1-0: Ball
2-0: Swinging Strike
2-1: Called Strike
2-2: Foul Ball, location: 2F
2-2: Strikes out swinging
Bottom of the 4th over - 0 runs, 2 hits, 0 errors, 2 left on base; Corpus Christi 0 - Midland 0
TOP OF THE 5TH
Corpus Christi Hooks batting - Pitching for Midland RockHounds : RHP Chris Miller
Batting: RHB Edwin Cardenas 0-0: Called Strike
0-1: Foul Ball, location: 5DF
0-2: Strikes out swinging
Batting: RHB Agustin Vargas 0-0: Ground out U3 (Groundball, 34, EV 102.5 MPH)
Batting: RHB Dave Alley 0-0: Ball
1-0: Called Strike
1-1: Swinging Strike
1-2: Foul Ball, location: 2F
1-2: Ball
2-2: Ball
3-2: Base on Balls
Batting: SHB Chris Constable 0-0: Swinging Strike
0-1: Ball
Dave Alley is caught stealing 2nd base 2-6
Top of the 5th over - 0 runs, 0 hits, 0 errors, 0 left on base; Corpus Christi 0 - Midland 0
BOTTOM OF THE 5TH
Midland RockHounds batting - Pitching for Corpus Christi Hooks : LHP Kihachi Okuhara
Batting: RHB Omar Carreno 0-0: Ball
1-0: Ball
2-0: Foul Ball, location: 23F
2-1: Called Strike
2-2: Strikes out looking
Batting: RHB Joey Davis 0-0: Ball
1-0: Ground out 5-3 (Groundball, 56, EV 86.9 MPH)
Batting: RHB Jamal Smith 0-0: Ball
1-0: Ball
2-0: Ball
3-0: Called Strike
3-1: Called Strike
3-2: Strikes out swinging
Bottom of the 5th over - 0 runs, 0 hits, 0 errors, 0 left on base; Corpus Christi 0 - Midland 0
TOP OF THE 6TH
Corpus Christi Hooks batting - Pitching for Midland RockHounds : RHP Chris Miller
Batting: SHB Chris Constable 0-0: Ball
1-0: Fly out, F8 (Flyball, 8RS, EV 97.5 MPH)
Batting: LHB Zack Baize 0-0: Ball
1-0: Ball
2-0: Called Strike
2-1: Foul Ball, location: 2F
2-2: Ball
3-2: Base on Balls
Batting: RHB Chad Boston 0-0: Called Strike
0-1: Swinging Strike
0-2: Strikes out swinging
Batting: RHB Travis Braga 0-0: Foul Ball, location: 3DF
0-1: Ball
1-1: Ball
2-1: Ball
3-1: Foul Ball, location: 3SF
3-2: Strikes out swinging
Top of the 6th over - 0 runs, 0 hits, 0 errors, 1 left on base; Corpus Christi 0 - Midland 0
BOTTOM OF THE 6TH
Midland RockHounds batting - Pitching for Corpus Christi Hooks : LHP Kihachi Okuhara
Batting: RHB Greg Horst 0-0: Ball
1-0: Called Strike
1-1: Hit by Pitch
Batting: LHB Billy Stengel 0-0: Ball
1-0: SINGLE (Line Drive, 78S, EV 100.0 MPH)
Greg Horst to second
Batting: LHB Steve Witmer 0-0: Swinging Strike
0-1: Ball
1-1: Ball
2-1: Ball
3-1: Base on Balls
Greg Horst to third
Billy Stengel to second
Batting: RHB Jose Cota 0-0: Ball
1-0: Swinging Strike
1-1: Called Strike
1-2: Strikes out swinging
Batting: SHB John Gilley 0-0: Foul Ball, location: 5F
0-1: Ball
1-1: Foul Ball, location: 25F
1-2: Strikes out swinging
Batting: RHB Brian Kantar 0-0: Ball
1-0: Foul Ball, location: 2F
1-1: Foul Ball, location: 2RF
1-2: Ball
2-2: Foul Ball, location: 3F
2-2: Foul Ball, location: 3SF
2-2: SINGLE (Groundball, 6S, EV 87.5 MPH)
Greg Horst scores
Billy Stengel to third
Steve Witmer to second
Runner from 3rd tries for Home, SAFE, throw by LF to home
Batting: RHB Omar Carreno 0-0: Ball
1-0: SINGLE (Line Drive, 6MD, EV 98.8 MPH)
Steve Witmer to third
Brian Kantar to second
Batting: RHB Joey Davis 0-0: Fielders Choice at 2nd, 6-4 (Groundball, 6, EV 85.0 MPH)
Bottom of the 6th over - 2 runs, 3 hits, 0 errors, 3 left on base; Corpus Christi 0 - Midland 2
TOP OF THE 7TH
Corpus Christi Hooks batting - Pitching for Midland RockHounds : RHP Chris Miller
Batting: RHB Steve MacInnis 0-0: Foul Ball, location: 9LMF
0-1: Ball
1-1: Ground out 5-3 (Groundball, 56S, EV 85.6 MPH)
Batting: LHB Malik Lindsey 0-0: Ball
1-0: Foul Ball, location: 3F
1-1: Swinging Strike
1-2: Ball
2-2: Fly out, F4 (Popup, 34S, EV 83.8 MPH)
Batting: RHB Edwin Cardenas 0-0: Ball
1-0: Foul Ball, location: 3DF
1-1: Ball
2-1: Called Strike
2-2: Ground out 1-3 (Groundball, 13S, EV 70.0 MPH)
Top of the 7th over - 0 runs, 0 hits, 0 errors, 0 left on base; Corpus Christi 0 - Midland 2
BOTTOM OF THE 7TH
Midland RockHounds batting - Pitching for Corpus Christi Hooks : LHP Kihachi Okuhara
Batting: RHB Jamal Smith 0-0: Called Strike
0-1: Ball
1-1: Foul Ball, location: 5FF
1-2: Ball
2-2: Ball
3-2: Foul Ball, location: 3F
3-2: Base on Balls
Batting: RHB Greg Horst 0-0: Ball
1-0: Ball
2-0: Ball
3-0: Called Strike
3-1: 2-RUN HOME RUN (Flyball, 7LD, EV 93.1 MPH), Distance : 350 ft
Batting: LHB Billy Stengel 0-0: Ball
1-0: Called Strike
1-1: DOUBLE (Flyball, 8RXD, EV 107.5 MPH)
Batting: LHB Steve Witmer 0-0: Foul Ball, location: 3FF
0-1: Hit by Pitch
Pitching: RHP David Barnes
Batting: RHB Jose Cota 0-0: Called Strike
0-1: Ball
1-1: Swinging Strike
1-2: 3-RUN HOME RUN (Line Drive, 7D, EV 101.9 MPH), Distance : 399 ft
Batting: SHB John Gilley 0-0: Ball
1-0: SINGLE (Groundball, 34D, EV 101.3 MPH)
Batting: RHB Brian Kantar 0-0: Swinging Strike
0-1: Swinging Strike
0-2: Ball
1-2: Ball
2-2: Foul Ball, location: 5F
2-2: Ball
3-2: Base on Balls
John Gilley to second
Batting: RHB Omar Carreno 0-0: Called Strike
0-1: Foul Ball, location: 2F
0-2: Ball
1-2: Fly out, F9 (Flyball, 9, EV 95.0 MPH)
Batting: RHB Joey Davis 0-0: Called Strike
0-1: Ball
1-1: Ball
2-1: Ball
3-1: DOUBLE (Line Drive, 7LM, EV 98.8 MPH)
John Gilley scores
Brian Kantar to third
Runner from 3rd tries for Home, SAFE, throw by LF to trailing runner, SAFE at third!
Pitching: RHP Jake Desselie
Batting: RHB Jamal Smith 0-0: Ball
1-0: Ball
2-0: Called Strike
2-1: Foul Ball, location: 2F
2-2: Ground out 6-3 (Groundball, 6, EV 88.8 MPH)
Joey Davis scores
Pinch Hitting: RHB Josh Willis 0-0: Called Strike
0-1: Called Strike
0-2: Ball
1-2: Foul Ball, location: 5SF
1-2: Ball
2-2: Ground out 4-3 (Groundball, 4S, EV 63.8 MPH)
Bottom of the 7th over - 8 runs, 5 hits, 0 errors, 0 left on base; Corpus Christi 0 - Midland 10
TOP OF THE 8TH
Corpus Christi Hooks batting - Pitching for Midland RockHounds : RHP Chris Miller
Now in LF: Josh Willis
Batting: RHB Agustin Vargas 0-0: SINGLE (Flyball, 56D, EV 98.1 MPH)
Batting: RHB Dave Alley 0-0: DOUBLE (Line Drive, 9LM, EV 98.8 MPH)
Agustin Vargas to third
Pinch Runner at 2nd Miguel Santillano:
Batting: SHB Chris Constable 0-0: Ball
1-0: Ground out 5-3 (Groundball, 56, EV 100.0 MPH)
Agustin Vargas scores
Pitching: RHP Francisco Gonzalez
Pinch Hitting: RHB Donovan Miller 0-0: Ball
1-0: Foul Ball, location: 9LMF
1-1: Ground out 4-3 (Groundball, 4, EV 101.9 MPH)
Miguel Santillano to third
Batting: RHB Chad Boston 0-0: Swinging Strike
0-1: Ball
1-1: Foul Ball, location: 5F
1-2: Foul Ball, location: 3F
1-2: SINGLE (Flyball, 78S, EV 90.6 MPH)
Miguel Santillano scores
Batting: RHB Travis Braga 0-0: Ball
1-0: Fly out, F3 (Popup, 3, EV 74.4 MPH)
Top of the 8th over - 2 runs, 3 hits, 0 errors, 1 left on base; Corpus Christi 2 - Midland 10
BOTTOM OF THE 8TH
Midland RockHounds batting - Pitching for Corpus Christi Hooks : RHP Jake Desselie
Now at 2B: Miguel Santillano
Now in CF: Malik Lindsey
Now in RF: Donovan Miller
Batting: LHB Billy Stengel 0-0: SINGLE (Line Drive, 6M, EV 98.1 MPH)
Batting: LHB Steve Witmer 0-0: Foul Ball, location: 2F
0-1: Foul Ball, location: 5F
0-2: Strikes out swinging
Batting: RHB Jose Cota 0-0: SINGLE (Groundball, 6, EV 100.0 MPH)
Billy Stengel to second
Batting: SHB John Gilley 0-0: Ball
1-0: Ball
2-0: SINGLE (Line Drive, 6M, EV 98.1 MPH)
Billy Stengel to third
Jose Cota to second
Runner from 3rd tries for Home, SAFE, throw by CF to home
Batting: RHB Brian Kantar 0-0: Foul Ball, location: 2F
0-1: Ball
1-1: Foul Ball, location: 2F
1-2: Foul Ball, location: 7LSF
1-2: Grounds into double play, 5-4-3 (Groundball, 56, EV 103.1 MPH)
Bottom of the 8th over - 1 run, 3 hits, 0 errors, 1 left on base; Corpus Christi 2 - Midland 11
TOP OF THE 9TH
Corpus Christi Hooks batting - Pitching for Midland RockHounds : RHP Francisco Gonzalez
Batting: RHB Steve MacInnis 0-0: Ground out 4-3 (Groundball, 4S, EV 88.8 MPH)
Batting: LHB Malik Lindsey 0-0: Ball
1-0: Ball
2-0: SINGLE (Groundball, 4MD, EV 102.5 MPH)
Batting: RHB Edwin Cardenas 0-0: Called Strike
0-1: Called Strike
0-2: Ball
1-2: Ball
2-2: Foul Ball, location: 2F
2-2: Foul Ball, location: 2F
2-2: Hit by Pitch
Malik Lindsey to second
Batting: RHB Agustin Vargas 0-0: Ball
1-0: Ball
Wild Pitch!
Malik Lindsey to third
Edwin Cardenas to second
2-0: Ball
3-0: Base on Balls
Batting: RHB Miguel Santillano 0-0: SINGLE (Groundball, 2L, EV 75.0 MPH) (infield hit)
Malik Lindsey scores
Edwin Cardenas to third
Agustin Vargas to second
Pinch Hitting: RHB Curtis Wilbur 0-0: Ball
1-0: Called Strike
1-1: Ball
2-1: Grounds into fielders choice 3-2 (Groundball, 3, EV 105.6 MPH)
Agustin Vargas to third
Miguel Santillano to second
Batting: RHB Donovan Miller 0-0: Ball
1-0: Called Strike
1-1: Called Strike
1-2: Foul Ball, location: 5FF
1-2: Ball
2-2: Ball
3-2: Ground out 5-3 (Groundball, 56, EV 100.6 MPH)
Top of the 9th over - 1 run, 2 hits, 0 errors, 3 left on base; Corpus Christi 3 - Midland 11
Sunday, April 14th , 2024 - OOTP Baseball 24.11 Build 85